 Dungeon Crawl Stone Soup version 0.32-a0-361-g289a535e89 (webtiles) character file.

Game seed: 8870373598828823260

88 n00bmints the Cudgeller (level 4, 0/41 HPs)
             Began as a Minotaur Berserker on Feb 19, 2024.
             Was a Believer of Trog.
             Slain by a gnoll
             ... wielding a +0 club
              (9 damage)
             ... on level 2 of the Dungeon.
             The game lasted 00:02:14 (912 turns).

n00bmints the Cudgeller (Minotaur Berserker)         Turns: 912, Time: 00:02:14

Health: 0/41       AC:  0    Str: 24    XL:     4   Next: 30%
Magic:  3/3        EV: 12    Int:  4    God:    Trog [**....]
Gold:   35         SH:  0    Dex:  9    Spells: 3/3 levels left

rFire   . . .        a - +0 mace
rCold   . . .        (no shield)
rNeg    . . .        (no body armour)
rPois   .            (helmet restricted)
rElec   .            (no cloak)
rCorr   .            (no gloves)
SInv    .            (no boots)
Will    ++...        (no amulet)
Stlth   +            (no ring)
HPRegen 1.26/turn    (no ring)
MPRegen 0.08/turn

%: no passive effects
@: strong-willed, regenerating
A: horns 2, retaliatory headbutt
a: Renounce Religion, Berserk, Trog's Hand


You were on level 2 of the Dungeon.
You worshipped Trog.
Trog was pleased with you.
You visited 1 branch of the dungeon, and saw 2 of its levels.

You collected 35 gold pieces.

Inventory:

Hand Weapons
 a - a +0 mace (weapon)
Armour
 b - a +0 animal skin
 g - a +0 scale mail
Scrolls
 c - a scroll of identify {unknown}
 d - a scroll of enchant armour {unknown}
Potions
 e - a potion of attraction {unknown}
 f - a potion of resistance {unknown}


   Skills:
 + Level 4.7 Fighting
 + Level 4.8 Maces & Flails
 + Level 2.9 Armour
 + Level 2.7 Dodging
 + Level 0.1 Stealth


You had 3 spell levels left.
You didn't know any spells.
Your spell library was empty.

Dungeon Overview and Level Annotations

Branches:
Dungeon (2/15)

Altars:


Innate Abilities, Weirdness & Mutations

You have a pair of horns on your head.
You reflexively headbutt those who attack you in melee.


Message History

No target in view!
f - a fizzy blue potion You see here a +0 club.
An endoplasm comes into view.
A gnoll comes into view. It is wielding a +0 halberd.
You see here a +0 scale mail.
g - a +0 scale mail The gnoll shouts!
You start removing your armour.
You continue removing your +0 animal skin.
The gnoll shouts!
You hear a shout!
You continue removing your +0 animal skin. x2
The endoplasm hits you.
You continue removing your +0 animal skin.
The endoplasm freezes you.
You are frozen.
You finish removing your +0 animal skin.
You hit the endoplasm but do no damage.
You headbutt the endoplasm, but do no damage.
The endoplasm freezes you.
You are frozen.
The gnoll hits you from afar with a +0 halberd!
You sock the endoplasm!
You kill the endoplasm!
Trog accepts your kill. The gnoll barely misses you.
Your skin crawls.
You feel strong-willed.
The gnoll hits you from afar with a +0 halberd.
The gnoll closely misses you.
The gnoll hits you from afar with a +0 halberd!
The gnoll hits you with a +0 spear.
The endoplasm quivers.
You thump the gnoll!
The gnoll is severely wounded.
The gnoll barely misses you. The gnoll hits you with a +0 spear!
* * * LOW HITPOINT WARNING * * *
You barely miss the gnoll. The gnoll barely misses you. x2
The gnoll hits you with a +0 club!
You die...

... #... ..... #...# ...
.....## ..##..##.#
....... #.# #....##
#J..#.##.####....# #
##...........#...### .#
##...gg.............##.#
#.....gg................
#......@........##......
#...............###.#...
#..........†)...# #.....
#...............###....#
#...............##......
##...†.).).........##...
##.....#........#......
#######...#.####......
#................#


You could see 4 gnolls and an endoplasm.

Vanquished Creatures
  An adder (D:2)
  4 dart slugs
  2 ribbon worms (D:2)
  A ball python (D:1)
  4 bats
  6 endoplasms
  4 giant cockroaches (D:1)
  4 goblins
  2 hobgoblins
  2 quokkas
  3 frilled lizards (D:1)
  4 kobolds
  A rat (D:1)
38 creatures vanquished.

Notes
Turn   | Place    | Note
-------+----------+-------------------------------------------
     0 | D:1      | n00bmints the Minotaur Berserker began the quest for the
                  | Orb.
     0 | D:1      | Reached XP level 1. HP: 19/19 MP: 0/0
    40 | D:1      | Reached XP level 2. HP: 23/27 MP: 1/1
   178 | D:1      | Reached XP level 3. HP: 28/33 MP: 2/2
   290 | D:1      | Reached ** piety under Trog
   573 | D:1      | Found a faded altar of an unknown god.
   713 | D:2      | Reached XP level 4. HP: 29/41 MP: 3/3
   912 | D:2      | Slain by a gnoll

Illustrated notes

Levels and vault maps discovered:
D:1:      enne_arrival_octagon_isle, layout_rooms,
          hellmonk_ecumenical_altar_inner_sanctum, minmay_bisected
D:2:      layout_rooms

Skill      XL: |  1  2 |
---------------+-------+-----
Maces & Flails | 4 |  4.8
Fighting       | 4 |  4.7
Armour         | |  2.9
Dodging        | |  2.7
Stealth        | |  0.1

Action                     |  1- 3 |  4- 6 || total
---------------------------+-------+-------++-------
  Melee: Mace              |    63 |    16 ||    79
         Headbutt          |     7 |     3 ||    10
 Invoke: Trog's Hand       |       |     1 ||     1
   Stab: Sleeping          |     2 |       ||     2
 Armour: Animal skin       |    29 |     5 ||    34
         Skin              |       |     6 ||     6
  Dodge: Dodged            |    35 |    13 ||    48

Table legend: (Time is in decaauts)
 A = Elapsed time spent in this place.
 B = Non-inter-level travel time spent in this place.
 C = Inter-level travel time spent in this place.
 D = Time resting spent in this place.
 E = Time spent auto-exploring this place.
 F = Levels seen in this place.
 G = Mean time per level.
                   A        B        C        D        E       F      G
               +--------+--------+--------+--------+--------+-----+--------+
         Total |    930 |    880 |     50 |      0 |    673 |   2 |  465.0 |
       Dungeon |    930 |    880 |     50 |      0 |    673 |   2 |  465.0 |
               +--------+--------+--------+--------+--------+-----+--------+

Top non-repeatable levels by time:
     D:1: 684 daAuts
     D:2: 245 daAuts
